AoeStats
← 784f22fd

MegaRandom

514528663Analyzed
3v3 RM · 19d ago on Oct 18, 2026· 42m 57s· 6 players
Game mode
Random Map
Map size
Normal (6 player)
Population
200
Speed
Normal
Resources
Standard
Victory
Conquest
Starting age
Dark Age
Ending age
Imperial Age
RankedLock teamsTeams togetherTeam positionsShared explorationLock speedFull tech treeHidden civsTurbo modeCheats
Victory
Defeat
🇨🇳 Franks · China
1023
+14
🇨🇳 Wei · China
998
+15
🇨🇳 Mongols · China
976
+15
vs
🇨🇳 Gurjaras · China
983
-15
🇨🇳 Tatars · China
969
-15
🇨🇳 Spanish · China
946
-14
784f22fd
15:25 Feudal Age
19:50 Castle Age
24:06 Fervor
27:21 Inquisition
28:25 Sanctity
28:19 Redemption
41:40 Imperial Age
1834325568
13:28 Feudal Age
19:28 Castle Age
27:45 Squires
27:13 Pikeman
29:11 Husbandry
32:25 Man-at-Arms
34:44 Horse Collar
41:43 Imperial Age
39:50 Loom
40:09 Double-Bit Axe
40:33 Heavy Plow
41:51 Wheelbarrow
41:48 Arson
42:03 Squires
1049469825
13:10 Feudal Age
17:45 Castle Age
22:08 Double-Bit Axe
26:12 Gold Mining
29:38 Forging
30:08 Town Watch
32:05 Kshatriyas
33:38 Horse Collar
35:01 Bloodlines
36:08 Husbandry
36:23 Heavy Plow
41:57 Imperial Age
再给窝喵喵叫.
1:07 Loom
13:01 Feudal Age
13:27 Double-Bit Axe
13:29 Horse Collar
17:56 Stone Mining
20:19 Castle Age
19:19 Wheelbarrow
19:52 Forging
19:54 Scale Barding Armor
19:59 Gold Mining
22:37 Iron Casting
25:17 Hand Cart
25:45 Bow Saw
28:18 Chain Barding Armor
28:58 Tuntian
35:30 Imperial Age
33:50 Gold Shaft Mining
35:18 Heavy Plow
41:07 Elite Tiger Cavalry
42:45 Ming Guang Armor
43:28 Blast Furnace
lty20000612
13:38 Feudal Age
21:20 Castle Age
27:50 Gold Mining
27:53 Stone Mining
30:08 Husbandry
34:57 Double-Bit Axe
40:19 Imperial Age
37:38 Pikeman
38:18 Squires
39:19 Wheelbarrow
40:00 Gold Shaft Mining
40:35 Scale Barding Armor
40:52 Cavalier
42:35 Paladin
biu biu
15:11 Feudal Age
15:25 Loom
16:55 Double-Bit Axe
19:13 Castle Age
18:28 Stone Mining
18:32 Gold Mining
18:26 Horse Collar
19:32 Bloodlines
32:51 Wheelbarrow
33:27 Gold Shaft Mining
33:28 Stone Shaft Mining
33:10 Bow Saw
33:04 Heavy Plow
36:22 Imperial Age
34:26 Hand Cart
36:17 Scale Barding Armor
36:23 Forging
36:04 Fletching
36:15 Padded Archer Armor
36:45 Ballistics
37:46 Conscription
37:36 Elite Steppe Lancer
38:39 Chain Barding Armor
38:54 Iron Casting
38:34 Bodkin Arrow
40:51 Blast Furnace
39:22 Elite Mangudai
Connection lost

Rejoining the realm…

Still unreachable

The connection could not be restored.

Session expired

The server has moved on; the page needs a fresh start.